 Dungeon Crawl Stone Soup version 0.23.0 (webtiles) character file.

Game seed: 14120418058566845490

427 tidbits the Charmwright (level 6, -2/51 HPs)
             Began as a Gnoll Skald on Feb 11, 2019.
             Slain by a worker ant (6 damage)
             ... on level 5 of the Dungeon.
             The game lasted 00:11:38 (969 turns).

tidbits the Charmwright (Gnoll Skald)                Turns: 969, Time: 00:11:39

Health: -2/51      AC:  3    Str: 13    XL:     6   Next: 97%
Magic:  5/14       EV: 14    Int: 18    God:
Gold:   183        SH:  0    Dex: 14    Spells: 4/15 levels left

rFire    . . .     SeeInvis .   r - +1 morningstar (drain)
rCold    . . .     Gourm    .   (no shield)
rNeg     . . .     Faith    .   b - +0 leather armour
rPois    .         Spirit   .   (no helmet)
rElec    .         Reflect  .   (no cloak)
rCorr    .         Harm     .   (no gloves)
MR       .....                  (no boots)
Stlth    ++........             (no amulet)
HPRegen  0.17/turn              c - ring of flight
MPRegen  0.14/turn              (no ring)

@: singing
A: distributed training, fangs 1, strong nose
a: Evoke Flight


You were on level 5 of the Dungeon.
You were full.

You visited 1 branch of the dungeon, and saw 5 of its levels.

You collected 183 gold pieces.

Inventory:

Hand Weapons
 a - a +0 spear
 f - a +0 dagger
 g - a +0 blowgun
 m - a +0 war axe
 o - a +0 morningstar
 r - a +1 morningstar of draining (weapon)
   (You found it on level 3 of the Dungeon)
 w - a +0 trident
Missiles
 e - 13 stones (quivered)
 i - 20 bolts
 j - 18 poisoned needles
Armour
 b - a +0 leather armour (worn)
 p - a cursed +0 ring mail
 s - a +0 ring mail
Jewellery
 c - a ring of flight (left hand)
   (You found it on level 1 of the Dungeon)
Wands
 q - a wand of polymorph (9)
Scrolls
 h - 2 scrolls of immolation {unknown}
 l - a scroll of fog {unknown}
 n - 2 scrolls of teleportation {unknown}
 t - a scroll of remove curse {unknown}
 u - a scroll of enchant weapon {unknown}
 v - a scroll of random uselessness {unknown}
 x - a scroll of magic mapping {unknown}
Potions
 k - a potion of agility
Comestibles
 d - 5 rations


   Skills:
 + Level 5.0 Fighting
 + Level 2.1 Short Blades
 + Level 2.1 Long Blades
 + Level 2.1 Axes
 + Level 2.1 Maces & Flails
 + Level 5.0 Polearms
 + Level 2.1 Staves
 + Level 2.1 Slings
 + Level 2.1 Bows
 + Level 2.1 Crossbows
 + Level 2.1 Throwing
 + Level 3.3 Armour
 + Level 5.0 Dodging
 + Level 2.1 Stealth
 + Level 2.1 Shields
 + Level 2.1 Unarmed Combat
 + Level 5.4 Spellcasting
 + Level 1.7 Conjurations
 + Level 1.7 Hexes
 + Level 5.7 Charms
 + Level 1.7 Summonings
 + Level 1.7 Necromancy
 + Level 1.7 Translocations
 + Level 1.7 Transmutations
 + Level 1.7 Fire Magic
 + Level 1.7 Ice Magic
 + Level 1.7 Air Magic
 + Level 1.7 Earth Magic
 + Level 1.7 Poison Magic
 + Level 2.3 Invocations
 + Level 2.1 Evocations


You had 4 spell levels left.
You knew the following spells:

 Your Spells              Type           Power        Failure   Level  Hunger
g - Shroud of Golubria    Chrm/Tloc      ###.......   5%          2    #......
i - Infusion              Chrm           ####         1%          1    None
r - Regeneration          Chrm/Necr      ###.......   11%         3    ##.....
w - Spectral Weapon       Hex/Chrm       ###.....     11%         3    ##.....
y - Song of Slaying       Chrm           ####....     2%          2    #......

Your spell library contained the following spells:

 Spells                   Type           Power        Failure   Level  Hunger


Dungeon Overview and Level Annotations

Branches:
Dungeon (5/15)
 Temple: D:4-7

Altars:
Makhleb
Wu Jian

Annotations:
D:4 Ijyb


Innate Abilities, Weirdness & Mutations

Your experience applies equally to all skills.
You have very sharp teeth.
Your uncanny sense of smell can sniff out nearby items.


Message History

a +0 hand axe; a cursed +0 ring mail
Things that are here:
a +0 club; an orc corpse
Casting: Regeneration (safe; 11% risk of failure)
Confirm with . or Enter, or press ? or * to list all spells.
Your skin crawls.
Unknown command.
Your skin is crawling a little less now.
A gnoll comes into view. It is wielding a +0 spear.
Found a scroll labeled KOIKLACWYO.
Found a stone staircase leading down.
You see here a scroll labeled KANIDA LEUF.
Unknown command.
x - a scroll labeled KANIDA LEUF Your skin stops crawling.
Unknown command.
Found a black potion.
A gnoll shaman comes into view. It is wielding a +0 whip.
Found 11 gold pieces.
Found an escape hatch in the ceiling.
Unknown command.
A gnoll comes into view. It is wielding a +0 flail.
Found a hand axe.
Casting: Regeneration (safe; 11% risk of failure)
Confirm with . or Enter, or press ? or * to list all spells.
You miscast Regeneration.
You are very lightly contaminated with residual magic.
The gnoll shaman shouts!
You hear a shout!
A worker ant comes into view.
Unknown command.
The gnoll shaman calls upon its god to speed up the gnoll.
The gnoll shouts!
The gnoll seems to speed up.
Unknown command.
Found 28 stones.
Found a ration.
Casting: Regeneration (safe; 11% risk of failure)
Confirm with . or Enter, or press ? or * to list all spells.
You draw out your weapon's spirit!
Casting: Spectral Weapon (safe; 11% risk of failure)
Confirm with . or Enter, or press ? or * to list all spells.
You start singing a song of slaying.
Casting: Song of Slaying (safe; 2% risk of failure)
Confirm with . or Enter, or press ? or * to list all spells.
Space distorts slightly along a thin shroud covering your body.
Unknown command.
You hear a shout!
Unknown command.
You hit the gnoll but do no damage.
Your spectral weapon hits the gnoll!
The gnoll barely misses you.
The gnoll shaman calls upon its god to heal the gnoll.
The gnoll is healed somewhat.
The gnoll barely misses you.
You closely miss the gnoll.
The gnoll is moderately wounded.
Your spectral weapon barely misses the gnoll.
The gnoll misses you.
A gnoll comes into view. It is wielding a +0 club.
Unknown command.
Unknown command.
You hit the gnoll shaman.
The gnoll shaman is lightly wounded.
Your spectral weapon hits the gnoll shaman.
The gnoll hits you but does no damage.
The gnoll shaman hits you with a +0 whip.
Your shroud falls apart!
You puncture the gnoll shaman!
You kill the gnoll shaman!
The gnoll misses you. The gnoll hits you with a +0 flail.
The gnoll hits your spectral weapon but does no damage.
You closely miss the gnoll.
Your spectral weapon hits the gnoll!!
You kill the gnoll!
The gnoll hits you but does no damage. The gnoll barely misses you.
The gnoll hits you from afar with a +0 spear.
You barely miss the gnoll. Your bite misses the gnoll.
The gnoll is moderately wounded.
Your spectral weapon closely misses the gnoll.
The gnoll misses you. The gnoll hits you but does no damage.
The gnoll completely misses you.
You impale the gnoll!!
You kill the gnoll!
The gnoll hits you from afar with a +0 spear!
* * * LOW HITPOINT WARNING * * *
The gnoll hits you from afar with a +0 spear.
* * * LOW HITPOINT WARNING * * *
You swap places.
The gnoll hits you with a +0 spear!
* * * LOW HITPOINT WARNING * * *
Your magical contamination has completely faded away.
Items here: )) [ † a +0 club; a +0 whip; a +0 robe; a gnoll corpse Unknown command.
You thump the gnoll!
You kill the gnoll!
The worker ant bites you but does no damage.
You sock the worker ant!
The worker ant is almost dead.
Your spectral weapon closely misses the worker ant.
The worker ant bites you!
* * * LOW HITPOINT WARNING * * *
The worker ant bites you.
You die...

#.# #.# ## #.# #.#
#.# ### #.##)# .!.
#.#.####### .###.#
##(........
......###a@.#.#.#
>ga##..$.#.##.....#
##.#gg..<...##....(#
∆
....#...##.##.....#
#.####. #.##.....#
#..... #.##.%...#
##^.#######.####.#.#
##...........# .#.#
#.#...######## .# #


You could see a worker ant and a friendly spectral +1 morningstar of draining.

Vanquished Creatures
  A jelly (D:5)
  5 orc priests
  A gnoll shaman (D:5)
  Natasha (thrice) (D:3)
  A worker ant zombie (D:4)
  3 gnolls (D:5)
  2 adders (D:3)
  An adder skeleton (D:4)
  2 worms
  3 dart slugs
  3 leopard geckos
  17 orcs
  A ball python (D:1)
  A giant cockroach (D:1)
  2 goblins
  5 hobgoblins
  6 kobolds
  A ball python skeleton (D:4)
  4 bats
  2 frilled lizards
  2 jackal zombies (D:4)
  8 rats
74 creatures vanquished.

Notes
Turn   | Place    | Note
-------+----------+-------------------------------------------
     0 | D:1      | tidbits the Gnoll Skald began the quest for the Orb.
     0 | D:1      | Reached XP level 1. HP: 20/20 MP: 6/6
    52 | D:1      | HP: 4/20 [dart slug/slug dart (4)]
    56 | D:1      | Reached XP level 2. HP: 5/26 MP: 1/7
    60 | D:1      | Learned a level 2 spell: Song of Slaying
    63 | D:1      | Learned a level 2 spell: Shroud of Golubria
   209 | D:1      | Reached XP level 3. HP: 31/31 MP: 5/9
   214 | D:1      | Learned a level 3 spell: Regeneration
   218 | D:1      | Learned a level 3 spell: Spectral Weapon
   247 | D:2      | Reached skill level 5 in Spellcasting
   341 | D:3      | Noticed Natasha
   355 | D:3      | Killed Natasha
   355 | D:3      | Reached skill level 1 in Short Blades
   355 | D:3      | Reached skill level 1 in Long Blades
   355 | D:3      | Reached skill level 1 in Axes
   355 | D:3      | Reached skill level 1 in Maces & Flails
   355 | D:3      | Reached skill level 1 in Staves
   355 | D:3      | Reached skill level 1 in Slings
   355 | D:3      | Reached skill level 1 in Bows
   355 | D:3      | Reached skill level 1 in Crossbows
   355 | D:3      | Reached skill level 1 in Throwing
   355 | D:3      | Reached skill level 1 in Stealth
   355 | D:3      | Reached skill level 1 in Shields
   355 | D:3      | Reached skill level 1 in Unarmed Combat
   355 | D:3      | Reached skill level 1 in Invocations
   355 | D:3      | Reached skill level 1 in Evocations
   355 | D:3      | Reached XP level 4. HP: 24/38 MP: 0/11
   406 | D:4      | HP: 3/38 [orc priest/divine providence (15)]
   422 | D:4      | Reached skill level 1 in Conjurations
   422 | D:4      | Reached skill level 1 in Hexes
   422 | D:4      | Reached skill level 1 in Summonings
   422 | D:4      | Reached skill level 1 in Necromancy
   422 | D:4      | Reached skill level 1 in Translocations
   422 | D:4      | Reached skill level 1 in Transmutations
   422 | D:4      | Reached skill level 1 in Fire Magic
   422 | D:4      | Reached skill level 1 in Ice Magic
   422 | D:4      | Reached skill level 1 in Air Magic
   422 | D:4      | Reached skill level 1 in Earth Magic
   422 | D:4      | Reached skill level 1 in Poison Magic
   432 | D:4      | Noticed Ijyb
   541 | D:3      | Reached XP level 5. HP: 12/43 MP: 4/12
   554 | D:3      | Noticed Natasha
   565 | D:3      | Killed Natasha
   565 | D:3      | Reached skill level 3 in Armour
   678 | D:3      | Found an ornate altar of the Wu Jian Council.
   678 | D:3      | Noticed Natasha
   689 | D:3      | Killed Natasha
   717 | D:3      | Found a burning altar of Makhleb.
   743 | D:3      | Reached skill level 2 in Invocations
   743 | D:3      | Reached XP level 6. HP: 49/50 MP: 9/13
   886 | D:5      | Entered Level 5 of the Dungeon
   888 | D:5      | Reached skill level 5 in Fighting
   888 | D:5      | Reached skill level 2 in Short Blades
   888 | D:5      | Reached skill level 2 in Long Blades
   888 | D:5      | Reached skill level 2 in Axes
   888 | D:5      | Reached skill level 2 in Maces & Flails
   888 | D:5      | Reached skill level 5 in Polearms
   888 | D:5      | Reached skill level 2 in Staves
   888 | D:5      | Reached skill level 2 in Slings
   888 | D:5      | Reached skill level 2 in Bows
   888 | D:5      | Reached skill level 2 in Crossbows
   888 | D:5      | Reached skill level 2 in Throwing
   888 | D:5      | Reached skill level 5 in Dodging
   888 | D:5      | Reached skill level 2 in Stealth
   888 | D:5      | Reached skill level 2 in Shields
   888 | D:5      | Reached skill level 2 in Unarmed Combat
   888 | D:5      | Reached skill level 2 in Evocations
   969 | D:5      | HP: 4/51 [worker ant (7)]
   969 | D:5      | Slain by a worker ant

Skill      XL: |  1  2  3  4  5  6 |
---------------+-------------------+-----
Spellcasting   | 5 |  5.4
Short Blades   | 1 2 |  2.1
Long Blades    | 1 2 |  2.1
Axes           | 1 2 |  2.1
Maces & Flails | 1 2 |  2.1
Staves         | 1 2 |  2.1
Slings         | 1 2 |  2.1
Bows           | 1 2 |  2.1
Crossbows      | 1 2 |  2.1
Throwing       | 1 2 |  2.1
Stealth        | 1 2 |  2.1
Shields        | 1 2 |  2.1
Unarmed Combat | 1 2 |  2.1
Invocations    | 1 2 |  2.3
Evocations     | 1 2 |  2.1
Conjurations   | 1 |  1.7
Hexes          | 1 |  1.7
Summonings     | 1 |  1.7
Necromancy     | 1 |  1.7
Translocations | 1 |  1.7
Transmutations | 1 |  1.7
Fire Magic     | 1 |  1.7
Ice Magic      | 1 |  1.7
Air Magic      | 1 |  1.7
Earth Magic    | 1 |  1.7
Poison Magic   | 1 |  1.7
Armour         | 3 |  3.3
Fighting       | 5 |  5.0
Polearms       | 5 |  5.0
Dodging        | 5 |  5.0
Charms         | |  5.7

Action                   |  1- 3 |  4- 6 || total
-------------------------+-------+-------++-------
Melee: Spear             |    72 |    52 ||   124
       Bite              |     8 |     4 ||    12
       Morningstar       |       |    45 ||    45
 Fire: Blowgun           |       |    12 ||    12
Throw: Stone             |       |     6 ||     6
 Cast: Infusion          |     4 |       ||     4
       Song of Slaying   |     2 |     2 ||     4
       Spectral Weapon   |     5 |    11 ||    16
       Regeneration      |     1 |     6 ||     7
       Shroud of Golubri |       |     2 ||     2
  Use: Potion            |     1 |     3 ||     4
       Scroll            |       |     2 ||     2
 Stab: Sleeping          |     2 |     3 ||     5
       Distracted        |     1 |     3 ||     4
       Invisible         |       |     3 ||     3
  Eat: Ration            |     1 |     1 ||     2
Armor: Leather armour    |     4 |     6 ||    10
Dodge: Dodged            |    32 |    45 ||    77

Table legend:
 A = Turns spent in this place as a percentage of turns spent in the entire game.
 B = Non-inter-level travel turns spent in this place as a percentage of non-inter-level travel turns spent in the entire game.
 C = Inter-level travel turns spent in this place as a percentage of turns spent in this place.
 D = Turns resting spent in this place as a percentage of non-inter-level travel turns spent in this place.
 E = Turns spent auto-exploring this place as a percentage of non-inter-level travel turns spent in this place.
 F = Non-inter-level travel turns spent in this place divided by the number of levels of this place that you've seen.
                   A       B       C       D       E      F
               +-------+-------+-------+-------+-------+----------------------
         Total | 100.0 | 100.0 |   0.0 |   0.0 |   0.0 | 193.8
       Dungeon | 100.0 | 100.0 |   0.0 |   0.0 |   0.0 | 193.8
               +-------+-------+-------+-------+-------+----------------------

Table legend:
 A = Kills in this place as a percentage of kills in entire the game.
 B = Kills by you in this place as a percentage of kills by you in the entire game.
 C = Kills by friends in this place as a percentage of kills by friends in the entire game.
 D = Other kills in this place as a percentage of other kills in the entire game.
 E = Experience gained in this place as a percentage of experience gained in the entire game.
 F = Experience gained in this place divided by the number of levels of this place that you have seen.
                   A       B       C       D       E      F
               +-------+-------+-------+-------+-------+----------------------
         Total | 100.0 | 100.0 |   N/A |   N/A | 100.0 | 122.0
       Dungeon | 100.0 | 100.0 |   N/A |   N/A | 100.0 | 122.0
               +-------+-------+-------+-------+-------+----------------------

Levels and vault maps discovered:
D:1:      psy_arrival_terrarium, layout_rooms
D:2:      layout_basic, lemuel_round_altar, grunt_decor_fettered
D:3:      layout_basic, lemuel_doored_altar, nicolae_overflow_crystal_walls,
          grunt_ministairs_5, uniq_natasha
D:4:      layout_loops_corners, chequers_ossuary_entry_cave, serial_undead,
          serial_undead_b, serial_undead_f, serial_undead_a, serial_undead_a,
          ebering_ghost_sewer_d, trog_wizard, uniq_ijyb
D:5:      layout_loops_ring, grunt_dithmenos_smoke_and_mirrors,
          nicolae_overflow_hidden_temple, basic_altar, first_ration,
          minmay_between
